AoeStats
← mouri

Arabia

510409328Analyzed
1v1 RM · 2d ago on Sep 30, 2026· 45m 38s· 2 players
Game mode
Random Map
Map size
Tiny (2 player)
Population
200
Speed
Normal
Resources
Standard
Victory
Conquest
Starting age
Dark Age
Ending age
Imperial Age
RankedLock teamsTeams togetherTeam positionsShared explorationLock speedFull tech treeHidden civsTurbo modeCheats
Victory
Defeat
🇵🇪 Aztecs · Peru
2348
+20
🇯🇴 Saracens · Jordan
2442
-20
LE | WilliamS
4:38 Loom
9:18 Feudal Age
9:45 Double-Bit Axe
10:43 Horse Collar
18:13 Castle Age
16:35 Gold Mining
16:45 Fletching
17:24 Padded Archer Armor
19:15 Bow Saw
19:22 Elite Skirmisher
20:03 Bodkin Arrow
20:26 Heavy Plow
25:56 Wheelbarrow
32:57 Imperial Age
31:30 Town Watch
32:08 Redemption
32:32 Leather Archer Armor
32:40 Ballistics
33:49 Bracer
35:15 Chemistry
35:45 Capped Ram
39:24 Fervor
39:50 Scale Mail Armor
42:25 Chain Mail Armor
42:24 Eagle Warrior
43:50 Squires
45:00 Plate Mail Armor
45:45 Forging
mouri
6:06 Loom
9:17 Feudal Age
9:48 Double-Bit Axe
16:53 Castle Age
15:16 Horse Collar
18:12 Scale Barding Armor
22:17 Town Watch
29:27 Imperial Age
28:38 Atonement
30:31 Block Printing
30:37 Sanctity
30:50 Illumination
33:02 Fletching
33:52 Chain Barding Armor
34:19 Redemption
34:59 Theocracy
35:03 Bodkin Arrow
44:24 Plate Barding Armor
Connection lost

Rejoining the realm…

Still unreachable

The connection could not be restored.

Session expired

The server has moved on; the page needs a fresh start.